 Dungeon Crawl Stone Soup version 0.32-a0-128-g77eb882913 (webtiles) character file.

Game seed: 11781740093691128655

9 BubbleThief the Trooper (level 2, 16/24 HPs)
             Began as a Demonspawn Cinder Acolyte on Feb 8, 2024.
             Was a High Priest of Ignis.
             Quit the game on level 1 of the Dungeon.
             The game lasted 00:00:26 (80 turns).

BubbleThief the Trooper (Demonspawn Cinder Acolyte)   Turns: 80, Time: 00:00:26

Health: 16/24      AC:  2    Str: 14    XL:     2   Next: 3%
Magic:  3/3        EV: 11    Int: 14    God:    Ignis [*****.]
Gold:   0          SH:  0    Dex:  8    Spells: 3/3 levels left

rFire   + . .        a - -1 spear (flame)
rCold   . . .        (no shield)
rNeg    . . .        b - +0 robe
rPois   .            (no helmet)
rElec   .            (no cloak)
rCorr   .            (no gloves)
SInv    .            (no boots)
Will    .....        (no amulet)
Stlth   +            (no ring)
HPRegen 0.24/turn    (no ring)
MPRegen 0.08/turn

%: no passive effects
@: no status effects
A: claws 1
a: Renounce Religion, Fiery Armour, Foxfire Swarm, Rising Flame


You were on level 1 of the Dungeon.
You worshipped Ignis.
Ignis was extremely pleased with you.
You visited 1 branch of the dungeon, and saw 1 of its levels.

Inventory:

Hand Weapons
 a - a -1 spear of flaming (weapon)
Armour
 b - a +0 robe (worn)
Potions
 c - a potion of curing {unknown}
 d - a potion of attraction {unknown}


   Skills:
 + Level 3.3 Fighting
 + Level 3.0 Polearms
 - Level 1.0 Spellcasting
 - Level 2.6 Fire Magic


You had 3 spell levels left.
You didn't know any spells.
Your spell library contained the following spells:

 Spells                   Type           Power      Damage    Failure   Level
 Scorch                   Fire           16%        2d5       13%         2


Dungeon Overview and Level Annotations

Branches:
Dungeon (1/15)

Altars:

Shops:
D:1 (


Innate Abilities, Weirdness & Mutations

You have sharp fingernails.


Message History

There are monsters nearby!
An endoplasm comes into view.
The bat hits you. The bat barely misses you.
You reach to attack!
You closely miss the bat.
The endoplasm quivers.
The bat hits you but does no damage. x2
You barely miss the bat. Your punch misses the bat.
The bat hits you but does no damage. The bat hits you. The bat misses you.
You closely miss the bat. The bat hits you.
You hit the bat. You burn the bat.
You kill the bat!
You barely miss the bat. The bat misses you.
You miss the bat. The bat closely misses you.
You barely miss the bat. The bat hits you but does no damage.
You barely miss the endoplasm. The endoplasm barely misses you.
The bat hits you but does no damage.
You hit the bat. You burn the bat.
The bat is severely wounded.
The bat hits you but does no damage. The endoplasm barely misses you.
You completely miss the bat.
The bat is severely wounded.
The bat barely misses you. The endoplasm freezes you.
You are frozen.
You hit the bat. You burn the bat.
You kill the bat!
The endoplasm closely misses you.
Your Polearms skill increases to level 3!
You completely miss the endoplasm. You barely miss the endoplasm.
The endoplasm freezes you.
You are frozen.
You barely miss the endoplasm. The endoplasm hits you.
You hit the endoplasm. You burn the endoplasm.
You kill the endoplasm!
You have reached level 2!
Your demonic ancestry asserts itself...
Your fingernails lengthen.
Okay, then.
Are you sure you want to abandon this character and quit the game? (Confirm with "yes".)

#.....###.#.....##
#................##
#.....###..........
#....†# ###....##.#
#####.# #....# #.#
###....#
#.###.....†##.##
#.#............#
#.?.....@......#
#.............#
##...~....~...#
..#..........## #
#....~~......
......~~.....##
.#...........##
#...~....~...


There were no monsters in sight!

Vanquished Creatures
  2 ball pythons (D:1)
  2 bats (D:1)
  An endoplasm (D:1)
  A hobgoblin (D:1)
  A frilled lizard (D:1)
7 creatures vanquished.

Notes
Turn   | Place    | Note
-------+----------+-------------------------------------------
     0 | D:1      | BubbleThief the Demonspawn Cinder Acolyte began the quest
                  | for the Orb.
     0 | D:1      | Reached XP level 1. HP: 18/18 MP: 2/2
    23 | D:1      | Found Wopamush's Weapon Boutique.
    80 | D:1      | Gained mutation: You have sharp fingernails. [demonic
                  | ancestry]
    80 | D:1      | Reached XP level 2. HP: 16/24 MP: 3/3
    80 | D:1      | Quit the game

Illustrated notes

Levels and vault maps discovered:
D:1:      dpeg_arrival_pits, layout_basic, serial_shops,
          nicolae_shop_bloodbath_and_beyond, skrybe_limestone_x,
          minmay_crystal_water, minmay_gold_behind_fungi

Skill      XL: |  1 |
---------------+----+-----
Polearms       | 3 |  3.0
Fighting       | |  3.3
Spellcasting   | |  1.0
Fire Magic     | |  2.6

Action                     || total
---------------------------++-------
  Melee: Spear             ||    31
   Stab: Sleeping          ||     1
 Armour: Robe              ||    16
  Dodge: Dodged            ||    16

Table legend: (Time is in decaauts)
 A = Elapsed time spent in this place.
 B = Non-inter-level travel time spent in this place.
 C = Inter-level travel time spent in this place.
 D = Time resting spent in this place.
 E = Time spent auto-exploring this place.
 F = Levels seen in this place.
 G = Mean time per level.
                   A        B        C        D        E       F      G
               +--------+--------+--------+--------+--------+-----+--------+
         Total |     78 |     78 |      0 |      0 |     33 |   1 |   78.0 |
       Dungeon |     78 |     78 |      0 |      0 |     33 |   1 |   78.0 |
               +--------+--------+--------+--------+--------+-----+--------+

Top non-repeatable levels by time:
     D:1: 78 daAuts
